 Dungeon Crawl Stone Soup version 0.27-a0-1312-g5cdb2b3542 (webtiles) character file.

Game seed: 12857005138841861008

601 sanka the Ducker (level 7, -10/46 HPs)
             Began as an Octopode Monk on June 19, 2021.
             Mangled by a steam dragon (11 damage)
             ... on level 5 of the Dungeon.
             The game lasted 00:07:02 (5736 turns).

sanka the Ducker (Octopode Monk)                    Turns: 5736, Time: 00:07:03

Health: -10/46     AC:  1    Str: 10    XL:     7   Next: 41%
Magic:  7/7        EV: 20    Int: 13    God:
Gold:   174        SH:  5    Dex: 16    Spells: 6/6 levels left

rFire    . . .     SeeInvis .     - Unarmed
rCold    . . .     Faith    .   (no shield)
rNeg     . . .     Spirit   .   (helmet restricted)
rPois    .         Reflect  +   f - amulet of reflection
rElec    .         Harm     .   b - +4 ring of evasion
rCorr    .         Rampage  .   (no ring)
Will     .....                  (no ring)
Stlth    +++.......             (no ring)
HPRegen  0.15/turn              (no ring)
MPRegen  0.10/turn              (no ring)
                                (no ring)
                                (no ring)

@: no status effects
A: almost no armour, amphibious, 8 rings, camouflage 1, gelatinous body 1,
(nimble swimmer 1), tentacles
a: no special abilities


You were on level 5 of the Dungeon.
You visited 1 branch of the dungeon, and saw 5 of its levels.

You collected 174 gold pieces.


Innate Abilities, Weirdness & Mutations

You cannot wear most types of armour.
You are amphibious.
You can wear up to eight rings at the same time.
Your skin changes colour to match your surroundings (Stealth+).
Your rubbery body absorbs attacks. (AC +1, EV +1)
((You are camouflaged near water. (Stealth+)))
You have tentacles for arms and can constrict up to eight enemies at once.


   Skills:
 - Level 3.1 Fighting
 - Level 7.0 Dodging
 - Level 2.6 Stealth
 + Level 5.3 Unarmed Combat


You had 6 spell levels left.
You didn't know any spells.
Your spell library was empty.

Inventory:

Jewellery
 b - a +4 ring of evasion (left tentacle)
 f - an amulet of reflection (around mantle)
Wands
 k - a wand of polymorph (2)
 m - a wand of paralysis (6)
 n - a wand of charming (1)
Scrolls
 e - 2 scrolls of teleportation {@r4}
 g - a scroll of blinking
 l - a scroll of torment {!r}
 o - a scroll of magic mapping
Potions
 a - a potion of degeneration {unknown}
 c - 3 potions of flight
 d - 2 potions of invisibility {unknown}
 h - a potion of attraction {!q}
 i - a potion of curing {@q1}
 j - a potion of might {unknown}

Dungeon Overview and Level Annotations

Branches:
Dungeon (5/15)
 Temple: D:4-7

Altars:
Qazlal
Uskayaw
Wu Jian

Annotations:
D:3 Sigmund

▒▒ ▒▒+▒▒ .. ▒▒8.8▒▒
▒. ▒▒.....▒▒▒▒▒▒▒▒
▒. ▒▒8...#.8▒▒....▒
▒.
▒▒Dx##.....▒▒▒▒.▒▒▒.
▒8[......#.8▒.......
+....?[.....'.▒▒▒▒..
▒8.........8▒▒▒▒▒▒..
▒▒.........▒▒.......
▒▒8.....8▒▒▒▒▒▒▒▒.▒
▒▒.....▒▒ ▒..
▒▒8.8▒▒ ▒▒▒ ▒▒+▒▒


You could see a steam dragon.


Message History

You are engulfed in a cloud of scalding steam.
The steam dragon bites you. You block the steam dragon's attack.
Unknown command.
You barely miss the steam dragon. You squeeze the steam dragon.
The steam dragon is moderately wounded.
You are engulfed in a cloud of scalding steam.
* * * LOW HITPOINT WARNING * * *
You block the steam dragon's attack. The steam dragon completely misses you.
Unknown command.
You block the steam dragon's attack. The steam dragon completely misses you.
You closely miss the steam dragon.
The steam dragon is moderately wounded.
The steam dragon bites you.
* * * LOW HITPOINT WARNING * * *
The steam dragon closely misses you.
You closely miss the steam dragon.
The steam dragon is moderately wounded.
The steam dragon breathes steam at you. The ball of steam hits you!
* * * LOW HITPOINT WARNING * * *
You tentacle-slap the steam dragon.
The steam dragon is heavily wounded.
You are engulfed in a cloud of scalding steam.
* * * LOW HITPOINT WARNING * * *
The steam dragon bites you!
You die...

Action                   |  1- 3 |  4- 6 |  7- 9 || total
-------------------------+-------+-------+-------++-------
Melee: Unarmed           |    77 |   103 |    46 ||   226
       Constrict         |    17 |    28 |     6 ||    51
       Tentacles         |    14 |    20 |    13 ||    47
       Punch             |       |     4 |     2 ||     6
  Use: Scroll            |       |       |     7 ||     7
 Stab: Sleeping          |    11 |     8 |     5 ||    24
Armor: Skin              |     2 |     1 |       ||     3
Dodge: Dodged            |    42 |    63 |    19 ||   124
Block: Other             |       |     7 |    10 ||    17

Levels and vault maps discovered:
D:1:      lightli_arrival_quake, layout_basic, basic_ecumenical_altar,
          amethyst_killhole
D:2:      layout_rooms
D:3:      layout_basic, nicolae_uskayaw_murder_on_the_dancefloor, uniq_sigmund
D:4:      kb_forest_paths, layout_layer_cave, grunt_ministairs_6,
          uniq_blork_the_orc
D:5:      kennysheep_windowed_halls, layout_loops_ring, marbit_many_paths,
          lemuel_crystal_altar, dk_noncrumbling_4, uniq_crazy_yiuf_cottage,
          uniq_ijyb

Notes
Turn   | Place    | Note
-------+----------+-------------------------------------------
     0 | D:1      | sanka the Octopode Monk began the quest for the Orb.
     0 | D:1      | Reached XP level 1. HP: 16/16 MP: 1/1
   232 | D:1      | Found a faded altar of an unknown god.
   275 | D:1      | Reached XP level 2. HP: 21/21 MP: 2/2
   813 | D:1      | Reached XP level 3. HP: 20/26 MP: 3/3
  1244 | D:2      | Reached skill level 4 in Dodging
  2118 | D:3      | Reached XP level 4. HP: 31/31 MP: 4/4
  2140 | D:3      | Noticed Sigmund
  2306 | D:3      | Found a hide-covered altar of Uskayaw.
  2740 | D:3      | Reached skill level 5 in Dodging
  3109 | D:4      | Noticed Blork the orc
  3341 | D:4      | Killed Blork the orc
  3342 | D:4      | Reached XP level 5. HP: 36/36 MP: 5/5
  3482 | D:4      | Reached skill level 6 in Dodging
  3541 | D:4      | Reached XP level 6. HP: 42/42 MP: 6/6
  3878 | D:4      | Noticed a black bear
  3885 | D:4      | Killed a black bear
  3971 | D:4      | Reached skill level 7 in Dodging
  4377 | D:4      | Noticed a necrophage
  4402 | D:4      | Killed a necrophage
  4403 | D:4      | Reached skill level 4 in Unarmed Combat
  4403 | D:4      | Reached XP level 7. HP: 27/46 MP: 7/7
  4866 | D:5      | Entered Level 5 of the Dungeon
  4938 | D:5      | Found an ornate altar of the Wu Jian Council.
  4947 | D:5      | Noticed Ijyb
  4974 | D:5      | Killed Ijyb
  4981 | D:5      | Identified a +1 robe of resistance
  5082 | D:5      | Found a stormy altar of Qazlal.
  5397 | D:4      | Reached skill level 5 in Unarmed Combat
  5722 | D:5      | Noticed a steam dragon
  5736 | D:5      | HP: 1/46 [steam dragon] (6)]
  5736 | D:5      | Mangled by a steam dragon

Vanquished Creatures
  A black bear (D:4)
  A necrophage (D:4)
  A phantom (D:4)
  Blork the orc (D:4)
  A water moccasin skeleton (D:4)
  A jelly (D:5)
  An orc priest (D:4)
  Ijyb (D:5)
  4 adders
  A howler monkey skeleton (D:5)
  An ufetubus (D:4)
  3 worms
  A dart slug (D:2)
  6 orcs
  11 endoplasms
  2 giant cockroaches
  10 hobgoblins
  A jackal (D:4)
  5 kobolds
  3 quokkas (D:1)
  8 ball pythons
  4 bats (D:1)
  3 frilled lizards
  11 goblins
  3 rats (D:1)
85 creatures vanquished.
